 Dungeon Crawl Stone Soup version 0.29-a0-1019-g84f7d21838 (webtiles) character file.

Game seed: 9189999892189252123

225 Newt the Skirmisher (level 6, -6/34 (37) HPs)
             Began as a Kobold Hunter on Aug 10, 2022.
             Mangled by an orc
             ... wielding a +0 flail
              (8 damage)
             ... on level 4 of the Dungeon.
             The game lasted 00:03:48 (2666 turns).

Newt the Skirmisher (Kobold Hunter)                 Turns: 2666, Time: 00:03:49

HP:   -6/34 (37)    AC:  4    Str:  8    XL:     6   Next: 21%
MP:   6/6           EV: 14    Int: 10    God:
Gold: 149           SH:  0    Dex: 21    Spells: 5/5 levels left

rFire   . . .      SeeInvis .   a - +1 shortbow
rCold   . . .      Faith    .   (shield currently unavailable)
rNeg    . . .      Spirit   .   c - +1 leather armour
rPois   .          Reflect  .   (no helmet)
rElec   .          Harm     .   (no cloak)
rCorr   .          Rampage  .   (no gloves)
Will    .....                   (no boots)
Stlth   ++++......              (no amulet)
HPRegen 0.11/turn               o - ring of wizardry
MPRegen 0.10/turn               (no ring)

@: drained
A: small, no large weapons, nightstalker 3
a: no special abilities


You were on level 4 of the Dungeon.
You visited 1 branch of the dungeon, and saw 4 of its levels.

You collected 149 gold pieces.

Inventory:

Hand Weapons
 a - a +1 shortbow (weapon)
Armour
 c - a +1 leather armour (worn)
 n - an orb of guile
Jewellery
 o - a ring of wizardry (left hand)
Wands
 f - a wand of quicksilver (6)
 i - a wand of iceblast (7)
 j - a wand of mindburst (11)
Scrolls
 b - 2 scrolls of immolation
 e - a scroll of enchant armour
Potions
 d - 2 potions of resistance
 g - a potion of attraction {unknown}
 h - a potion of invisibility {unknown}
 k - a potion of haste {unknown}
 l - a potion of brilliance
 m - a potion of magic {unknown}


   Skills:
 + Level 3.0 Fighting
 - Level 8.0 Ranged Weapons
 - Level 2.4 Dodging
 * Level 4.3 Stealth


You had 5 spell levels left.
You didn't know any spells.
Your spell library contained the following spells:

 Spells                   Type           Power      Damage    Failure   Level
 Poisonous Vapours        Pois/Air       0%         N/A       32%         2
 Tukima's Dance           Hex            0%         N/A       52%         3
 Corpse Rot               Necr/Pois/Air  0%         N/A       89%         4
 Passage of Golubria      Tloc           0%         N/A       89%         4
 Yara's Violent Unravell  Hex/Tmut       0%         3d3       99%         5


Dungeon Overview and Level Annotations

Branches:
Dungeon (4/15)
 Temple: D:4-7

Altars:

Annotations:
D:3 Grinder


Innate Abilities, Weirdness & Mutations

You are small and have problems with some larger weapons.
You are completely attuned to the shadows.


Message History

You are too injured to fight recklessly!
You are too injured to fight recklessly!
Unknown command.
Fire: a) +1 shortbow
Press: ? - help, Shift-Dir - straight line, f/p - orc priest
Aim: an orc priest, wielding a +0 hand axe and wearing a +0 chain mail (lightly wounded, 74% to hit)
You shoot an arrow. The arrow hits the orc priest.
The orc priest is heavily wounded.
You hear a shout!
The orc closely misses you.
The orc priest hits you but does no damage.
Fire: a) +1 shortbow
Press: ? - help, Shift-Dir - straight line, f/p - orc priest
Aim: an orc priest, wielding a +0 hand axe and wearing a +0 chain mail (heavily wounded, 74% to hit)
You shoot an arrow. The arrow hits the orc priest.
The orc priest is severely wounded.
The orc closely misses you. The orc priest misses you.
The orc priest closely misses you. The orc barely misses you.
Fire: a) +1 shortbow
Press: ? - help, Shift-Dir - straight line, f/p - orc priest
Aim: an orc priest, wielding a +0 hand axe and wearing a +0 chain mail (severely wounded, 74% to hit)
You shoot an arrow. The arrow hits the orc priest.
The orc priest is severely wounded.
A hobgoblin comes into view.
It is wearing the +1 robe "Maeree Goef" {Int+3}.
The orc priest barely misses you. The orc hits you with a +0 flail!
* * * LOW HITPOINT WARNING * * *
Fire: a) +1 shortbow
Press: ? - help, Shift-Dir - straight line, f/p - orc priest
Aim: an orc priest, wielding a +0 hand axe and wearing a +0 chain mail (severely wounded, 74% to hit)
You shoot an arrow.
The arrow completely misses the orc priest.
The arrow hits the hobgoblin.
The hobgoblin is lightly wounded.
The orc barely misses you.
The orc priest hits you but does no damage.
The orc attacks as you move away! The orc hits you with a +0 flail.
* * * LOW HITPOINT WARNING * * *
There is a stone staircase leading up here.
The orc hits you with a +0 flail!
You die...

## ###$
.....#####
.....)....
..)go#####
##.#o@....
#......##
#..###.##
#...# ...
[.#..###.##
[.........#
#.##..#†####
† #..#....#
.........#


You could see an orc priest, an orc and a hobgoblin.

Vanquished Creatures
  A scorpion (D:3)
  4 gnolls (D:4)
  4 adders (D:2)
  3 worms
  2 dart slugs
  2 orcs (D:4)
  12 endoplasms
  2 giant cockroaches
  7 goblins
  4 hobgoblins
  3 jackals (D:1)
  3 quokkas
  6 ball pythons
  7 bats
  4 frilled lizards
  5 kobolds
  8 rats
77 creatures vanquished.

Notes
Turn   | Place    | Note
-------+----------+-------------------------------------------
     0 | D:1      | Newt the Kobold Hunter began the quest for the Orb.
     0 | D:1      | Reached XP level 1. HP: 12/12 MP: 1/1
    92 | D:1      | Reached XP level 2. HP: 17/17 MP: 2/2
   131 | D:1      | Reached skill level 6 in Ranged Weapons
   409 | D:1      | Reached XP level 3. HP: 21/21 MP: 3/3
   792 | D:2      | Reached skill level 7 in Ranged Weapons
   792 | D:2      | Reached XP level 4. HP: 25/26 MP: 4/4
  1270 | D:2      | Found a faded altar of an unknown god.
  1530 | D:3      | Noticed Grinder
  1594 | D:3      | Reached XP level 5. HP: 30/30 MP: 5/5
  1750 | D:3      | Reached skill level 8 in Ranged Weapons
  2405 | D:4      | Reached XP level 6. HP: 20/36 MP: 6/6
  2663 | D:4      | Identified the +1 robe "Maeree Goef" {Int+3}
  2666 | D:4      | Mangled by an orc

Illustrated notes

Levels and vault maps discovered:
D:1:      dpeg_arrival_round_c, layout_rooms
D:2:      layout_rooms, basic_ecumenical_altar, chequers_big_river
D:3:      layout_basic, uniq_grinder
D:4:      layout_loops_ring, mainiacjoe_overflow_cross_hatched,
          uniq_blork_the_orc, uniq_eustachio

Skill      XL: |  1  2  3  4  5  6 |
---------------+-------------------+-----
Ranged Weapons | 6 7 8 |  8.0
Stealth        | 3 4 |  4.3
Fighting       | 3 |  3.0
Dodging        | |  2.4

Action                   |  1- 3 |  4- 6 || total
-------------------------+-------+-------++-------
 Fire: Shortbow          |    68 |   101 ||   169
Evoke: Wand              |       |     2 ||     2
  Use: Scroll            |     9 |     1 ||    10
       Potion            |       |     1 ||     1
Armor: Leather armour    |    11 |     9 ||    20
Dodge: Dodged            |    32 |    27 ||    59

Table legend: (Time is in decaauts)
 A = Elapsed time spent in this place.
 B = Non-inter-level travel time spent in this place.
 C = Inter-level travel time spent in this place.
 D = Time resting spent in this place.
 E = Time spent auto-exploring this place.
 F = Levels seen in this place.
 G = Mean time per level.
                   A        B        C        D        E       F      G
               +--------+--------+--------+--------+--------+-----+--------+
         Total |   2704 |   2568 |    136 |    177 |   2064 |   4 |  676.0 |
       Dungeon |   2704 |   2568 |    136 |    177 |   2064 |   4 |  676.0 |
               +--------+--------+--------+--------+--------+-----+--------+

Top non-repeatable levels by time:
     D:3: 918 daAuts
     D:2: 855 daAuts
     D:1: 638 daAuts
     D:4: 292 daAuts
